 Dungeon Crawl Stone Soup version 0.30.0-16-gbe6223bb7e (webtiles) character file.

Game seed: 12330447854149880778

767 Jase the Shield-Bearer (level 8, 0/64 HPs)
             Began as a Formicid Fighter on May 21, 2023.
             Killed from afar by an orc wizard (11 damage)
             ... with a puff of flame
             ... on level 4 of the Dungeon.
             The game lasted 00:08:39 (3927 turns).

Jase the Shield-Bearer (Formicid Fighter)           Turns: 3927, Time: 00:08:40

Health: 0/64       AC:  7    Str: 22    XL:     8   Next: 9%
Magic:  8/8        EV:  9    Int:  9    God:
Gold:   144        SH:  5    Dex: 13    Spells: 7/7 levels left

rFire   . . .        a - +0 flail
rCold   . . .        c - +0 buckler
rNeg    . . .        b - +0 scale mail
rPois   .            (helmet unavailable)
rElec   .            (no cloak)
rCorr   .            (no gloves)
SInv    +            (no boots)
Will    .....        (no amulet) Stlth
                     (no ring)
HPRegen 0.30/turn    (no ring)
MPRegen 0.11/turn

%: no passive effects
@: no status effects
A: permanent stasis, dig shafts and tunnels, antennae 3, four strong arms
a: Dig, Shaft Self


You were on level 4 of the Dungeon.
You visited 1 branch of the dungeon, and saw 4 of its levels.
You also visited: Sewer.

You collected 144 gold pieces.

Inventory:

Hand Weapons
 a - a +0 flail (weapon)
Missiles
 q - a curare-tipped dart (quivered)
Armour
 b - a +0 scale mail (worn)
 c - a +0 buckler (worn)
Scrolls
 g - a scroll of silence {unknown}
 i - 4 scrolls of identify {unknown}
 l - 2 scrolls of immolation {unknown}
 m - a scroll of magic mapping {unknown}
 n - 2 scrolls of noise {unknown}
 o - a scroll of enchant weapon {unknown}
 p - a scroll of fear {unknown}
 s - a scroll of blinking {unknown}
 t - a scroll of enchant armour {unknown}
 u - a scroll of vulnerability {unknown}
Potions
 d - 4 potions of might
 e - 2 potions of attraction {unknown}
 f - 6 potions of heal wounds {unknown}
 h - 2 potions of cancellation {unknown}
 j - 2 potions of lignification {unknown}
 k - a potion of haste {unknown}
 r - a potion of resistance {unknown}


   Skills:
 + Level 5.6 Fighting
 + Level 4.5 Maces & Flails
 + Level 5.6 Armour
 + Level 6.7 Shields


You had 7 spell levels left.
You didn't know any spells.
Your spell library contained the following spells:

 Spells                   Type           Power      Damage    Failure   Level
 Arcjolt                  Conj/Air       0%         1d10      100%        5
 Maxwell's Capacitive Co  Air            0%         ∞         100%        8
 Vhi's Electric Charge    Tloc/Air       Unusable   N/A       N/A         3

Dungeon Overview and Level Annotations

Branches:
Dungeon (4/15)              Sewer (visited)
 Temple: D:4-7

Altars:
Ashenzari
The Shining One

Annotations:
D:4 Edmund


Innate Abilities, Weirdness & Mutations

You cannot be hasted, slowed, berserked, paralysed or teleported.
You can dig through walls and to a lower floor.
You have a pair of large antennae on your head. (SInv)
Your four strong arms can wield two-handed weapons with a shield.


Message History

You closely miss the orc priest.
The orc priest is heavily wounded.
The orc priest closely misses you. The orc wizard closely misses you.
The orc wizard hits you but does no damage.
Unknown command.
You barely miss the orc priest.
The orc priest is heavily wounded.
The orc wizard completely misses you.
The orc priest mumbles some strange prayers to Beogh against you.
Beogh smites you!
The orc wizard hits you but does no damage.
Unknown command.
You hit the orc priest.
The orc priest is almost dead.
The orc wizard hits you with a +2 vampiric dagger.
The orc priest hits you but does no damage.
The orc wizard points at you and mumbles some strange words.
The puff of flame misses you.
Unknown command.
You barely miss the orc priest.
The orc priest is almost dead.
You block the orc wizard's attack. The orc priest hits you with a +0 club.
The orc wizard mumbles some strange words.
The orc wizard flickers and vanishes for a moment.
The orc wizard casts a spell at you. The magic dart hits you.
The orc priest closely misses you.
The orc wizard hits you with a +2 vampiric dagger.
You hit the orc priest but do no damage.
The orc priest is almost dead.
The orc wizard gestures at you while chanting.
You easily resist.
The orc wizard hits you with a +0 dagger.
The orc priest invokes the aid of Beogh against you.
Beogh smites you!
* * * LOW HITPOINT WARNING * * *
You sock the orc priest!
You kill the orc priest!
The orc wizard casts a spell at you. The puff of flame hits you!
You die...

#..≈≈≈≈≈§§.......
#..§§≈≈≈§§..#####
#.[§≈...§.....###
#..≈≈..........#.
##..≈≈..≈≈≈≈....#.
#...§≈..≈...^...#.
#...§≈..≈._..#.###
#.o.....≈....#.###
#@o...............
#)|####...........
##.# #...........
#.. ########...#
#.. #...# #..
...... ...
........ ....
.........
.........


You could see 2 orc wizards.

Vanquished Creatures
  Grinder (D:3)
  Menkaure (D:4)
  An ogre (D:4)
  A kobold brigand (Sewer)
  A scorpion (D:4)
  An orc priest (D:4)
  An iguana (D:3)
  A gnoll (D:1)
  6 adders
  5 river rats
  A shadow imp (D:3)
  A worm (D:3)
  A dart slug (D:3)
  4 orcs
  8 ball pythons
  6 endoplasms
  A giant cockroach (D:1)
  7 goblins
  3 hobgoblins
  6 jackals (Sewer)
  8 kobolds
  2 quokkas (D:4)
  6 bats
  5 frilled lizards
  16 rats
94 creatures vanquished.

Notes
Turn   | Place    | Note
-------+----------+-------------------------------------------
     0 | D:1      | Jase the Formicid Fighter began the quest for the Orb.
     0 | D:1      | Reached XP level 1. HP: 18/18 MP: 1/1
   221 | D:1      | Reached XP level 2. HP: 23/24 MP: 2/2
   348 | D:1      | Reached XP level 3. HP: 26/29 MP: 3/3
  1466 | D:2      | Reached XP level 4. HP: 35/37 MP: 4/4
  2223 | D:3      | Noticed Grinder
  2236 | D:3      | Killed Grinder
  2237 | D:3      | Reached skill level 5 in Shields
  2237 | D:3      | Reached XP level 5. HP: 40/43 MP: 5/5
  2237 | D:3      | Reached XP level 6. HP: 45/49 MP: 6/6
  2299 | D:4      | Noticed Edmund
  2371 | D:4      | Found a glowing golden altar of the Shining One.
  2494 | D:4      | Found a glowing drain.
  2502 | Sewer    | Entered a sewer
  2517 | Sewer    | Reached XP level 7. HP: 42/55 MP: 7/7
  2672 | Sewer    | Reached skill level 5 in Fighting
  2672 | Sewer    | Reached skill level 5 in Armour
  2672 | Sewer    | Reached skill level 6 in Shields
  3461 | D:4      | Noticed Menkaure
  3489 | D:4      | Killed Menkaure
  3693 | D:4      | Reached XP level 8. HP: 22/64 MP: 8/8
  3853 | D:4      | Found a broken altar of Ashenzari.
  3927 | D:4      | Killed from afar by an orc wizard

Illustrated notes

Levels and vault maps discovered:
D:1:      sevenhm_arrival_forest_fort_large_3, layout_basic
D:2:      layout_basic, kennysheep_crisscross, minmay_goblin_kobold_house
D:3:      layout_basic, chequers_serial_rivers_small_a, uniq_grinder
D:4:      layout_gridville, lemuel_crystal_altar, mainiacjoe_overflow_chevrons,
          ebering_ghost_rock_garden, gup_sewer_entry_bubbles, uniq_edmund,
          uniq_menkaure

Skill      XL: |  1  2  3  4  5  6  7 |
---------------+----------------------+-----
Armour         | 4 5 |  5.6
Fighting       | 4 5 |  5.6
Maces & Flails | 3 4 |  4.5
Shields        | 5 6 |  6.7

Action                     |  1- 3 |  4- 6 |  7- 9 || total
---------------------------+-------+-------+-------++-------
  Melee: Flail             |   104 |   120 |   124 ||   348
  Throw: Dart              |       |       |     2 ||     2
 Armour: Scale mail        |    47 |    48 |    58 ||   153
  Dodge: Dodged            |    59 |    44 |    53 ||   156
  Block: Buckler           |    21 |    37 |    24 ||    82
